 Dungeon Crawl Stone Soup version 0.18-a0-1788-g92de1ac (webtiles) character file.

2615 Murumi the Blocker (level 9, -5/68 HPs)
             Began as a Formicid Fighter on Apr 20, 2016.
             Was a Follower of Elyvilon.
             Slain by an orc knight
             ... wielding a +0 war axe
              (24 damage)
             ... in a bailey.
             The game lasted 00:31:27 (7315 turns).

Murumi the Blocker (Formicid Fighter)               Turns: 7315, Time: 00:31:28

Health: -5/68      AC: 12    Str: 24    XL:     9   Next: 91%
Magic:  5/13       EV:  6    Int:  8    God:    Elyvilon [*.....]
Gold:   215        SH: 12    Dex: 10    Spells: 0 memorised, 8 levels left

rFire  + . .     SeeInvis +     t - +1 scimitar (holy)
rCold  . . .     Gourm    .     x - +0 plate armour
rNeg   + . .     Faith    .     c - +1 shield
rPois  .         Spirit   .     (helmet unavailable)
rElec  .         Dismiss  .     (no cloak)
rCorr  .         Reflect  .     (no gloves)
SustAt .         Harm     .     (no boots)
MR     .....                    (no amulet)
Stlth  ..........               v - ring of positive energy
                                a - ring of protection from fire

@: not resistant to hostile enchantments, extremely unstealthy
A: permanent stasis, dig shafts and tunnels, four strong arms, antennae 3
a: Dig, Shaft Self, Lesser Healing, Divine Protection, Renounce Religion


You were in a bailey.
You worshipped Elyvilon.
Elyvilon was aware of your devotion.
You were near starving.

You visited 2 branches of the dungeon, and saw 9 of its levels.
You also visited: Bailey.

You collected 349 gold pieces.
You spent 134 gold pieces at shops.

Inventory:

Hand Weapons
 t - a +1 scimitar of holy wrath (weapon)
Missiles
 i - 36 bolts
Armour
 c - a +1 shield (worn)
 x - a +0 plate armour (worn)
Jewellery
 a - a ring of protection from fire (left hand)
 v - a ring of positive energy (right hand)
Wands
 n - a wand of iceblast (7/15)
 r - a wand of acid (8/15)
Scrolls
 b - 2 scrolls of amnesia
 g - a scroll of fog
 l - 4 scrolls of remove curse
 p - a scroll of enchant armour
 w - 2 scrolls of recharging
Potions
 d - 2 potions of agility
 o - a potion of curing {unknown}
 q - 2 potions of flight
 s - a potion of cancellation {unknown}
Comestibles
 f - 7 bread rations
 h - 2 slices of pizza
 k - 3 beef jerkies
 u - 2 meat rations


   Skills:
 - Level 5.3 Fighting
 - Level 8.1 Long Blades
 - Level 5.1 Armour
 - Level 9.0 Shields
 + Level 6.0 Invocations


You had 8 spell levels left.
You didn't know any spells.

Dungeon Overview and Level Annotations

Branches:
Dungeon (8/15)             Temple (1/1) D:5
   Lair: D:8-11

Altars:
Ashenzari
Cheibriados
Dithmenos
Elyvilon
Fedhas
Gozag
Kikubaaqudgha
Makhleb
Nemelex Xobeh
Okawaru
Pakellas
Qazlal
Ru
Sif Muna
Trog
Vehumet
Xom
Yredelemnul
Zin
The Shining One

Shops:
D:6 (


Innate Abilities, Weirdness & Mutations

You are under a permanent stasis effect.
You can dig through walls and to a lower floor.
Your four strong arms can wield two-handed weapons with a shield.
You have a pair of large antennae on your head (SInv).


Message History

You feel a little less agile now. You block the orc knight's attack.
Your plate armour prevents you from hitting the orc knight.
The orc knight is heavily wounded.
You barely miss the orc knight.
The orc knight is heavily wounded.
The orc knight hits you with a war axe!
* * * LOW HITPOINT WARNING * * *
You are healed.
You feel somewhat more hungry.
The orc knight hits you but does no damage.
You closely miss the orc knight.
The orc knight is heavily wounded.
The orc knight hits you but does no damage.
You closely miss the orc knight.
The orc knight is heavily wounded.
The orc knight hits you with a war axe!
* * * LOW HITPOINT WARNING * * *
You are healed.
You feel somewhat more hungry.
The orc knight hits you with a war axe!!
You die...

▓▓▓▓▓
▓.∩.▓
▓^^(▓
▓.∩@▓
##o##
{{K≈g
{
##≈g
{


K≈o ##≈g { K≈g { { #≈g You could see an orc knight, an orc warrior, 2 gnolls, a
hobgoblin, 2 goblins and 3 kobolds.

Vanquished Creatures
  A water moccasin (D:8)
  4 orc warriors
  4 ice beasts
  A sky beast (D:5)
  The ghost of Etesian the Skirmisher, an amateur HOFi (D:3)
  An ogre (D:6)
  4 centaurs
  2 giant frogs (D:6)
  4 scorpions
  2 howler monkeys
  2 crimson imps (D:7)
  A centaur zombie (D:7)
  2 giant frog zombies
  2 jellies (D:5)
  2 orc priests (D:8)
  A centaur skeleton (D:5)
  2 iguanas
  6 worker ants
  2 worker ant zombies (D:7)
  A gnoll (Bailey)
  9 adders
  2 shadow imps
  An adder skeleton (D:4)
  4 worms (D:2)
  2 dart slugs
  6 giant geckos
  20 orcs
  2 ball pythons
  3 bats
  4 giant cockroaches
  10 goblins
  7 hobgoblins
  3 jackals (D:3)
  5 quokkas
  A sheep (D:5)
  A giant gecko skeleton (D:4)
  8 giant newts
  7 kobolds
  7 rats
147 creatures vanquished.

Notes
Turn   | Place    | Note
--------------------------------------------------------------
     0 | D:1      | Murumi the Formicid Fighter began the quest for the Orb.
     0 | D:1      | Reached XP level 1. HP: 18/18 MP: 1/1
   152 | D:1      | Reached skill level 4 in Shields
   204 | D:1      | Reached XP level 2. HP: 19/24 MP: 2/2
   588 | D:2      | Reached XP level 3. HP: 24/29 MP: 3/3
  1139 | D:2      | Reached XP level 4. HP: 13/35 MP: 4/4
  1451 | D:2      | Reached skill level 5 in Shields
  1573 | D:3      | Noticed Etesian's ghost (amateur HOFi)
  1674 | D:3      | Killed Etesian's ghost
  1674 | D:3      | Reached XP level 5. HP: 34/41 MP: 5/5
  1894 | D:3      | Reached XP level 6. HP: 38/47 MP: 6/6
  2019 | D:3      | Found an oddly glowing altar of Pakellas.
  2054 | D:3      | Reached skill level 5 in Long Blades
  2427 | D:4      | Reached skill level 6 in Shields
  2611 | D:4      | Found a shimmering altar of Xom.
  2913 | D:4      | Reached XP level 7. HP: 52/52 MP: 7/7
  2979 | D:4      | Found a sparkling altar of Nemelex Xobeh.
  3046 | D:5      | Entered Level 5 of the Dungeon
  3097 | D:4      | Reached skill level 7 in Shields
  3493 | D:5      | Found a shimmering altar of Xom.
  3520 | D:5      | Reached skill level 8 in Shields
  4170 | D:5      | Found a staircase to the Ecumenical Temple.
  4179 | Temple   | Entered the Ecumenical Temple
  4208 | Temple   | Became a worshipper of Elyvilon the Healer
  4500 | D:5      | Reached XP level 8. HP: 58/58 MP: 8/8
  4531 | D:5      | Reached skill level 1 in Invocations
  5012 | D:6      | Found a glowing silver altar of Zin.
  5028 | D:6      | Found Melavit's Weapon Shoppe.
  5040 | D:6      | Bought a +0 scimitar of holy wrath for 110 gold pieces
  5040 | D:6      | Bought 10 bolts for 24 gold pieces
  5217 | D:6      | Reached skill level 9 in Shields
  5325 | D:6      | Found an ancient bone altar of Kikubaaqudgha.
  5379 | D:6      | Found a sparkling altar of Nemelex Xobeh.
  5418 | D:6      | Reached XP level 9. HP: 54/65 MP: 12/12
  5589 | D:6      | Found a shadowy altar of Dithmenos.
  5669 | D:6      | Reached skill level 5 in Armour
  5800 | D:6      | Found an iron altar of Okawaru.
  6000 | D:7      | Reached * piety under Elyvilon
  6024 | D:7      | Found a shimmering altar of Xom.
  6041 | D:7      | Reached skill level 5 in Invocations
  6146 | D:7      | Found a blossoming altar of Fedhas.
  6863 | D:8      | Reached ** piety under Elyvilon
  7222 | D:8      | Found a flagged portal.
  7237 | Bailey   | Entered a bailey
  7261 | Bailey   | Noticed an orc knight
  7264 | Bailey   | Reached skill level 5 in Fighting
  7315 | Bailey   | Slain by an orc knight

Vault maps used:
D:1:      minmay_arrival_checkered_box, minmay_misc_feat_columns
D:3:      grunt_pakellas_basics, first_bread, minmay_lizard_king
D:4:      lemuel_coloured_pillars_altar, lemuel_doored_altar
D:5:      temple_statues, dk_xom_monty_hall
D:6:      kennysheep_mini, lemuel_crystal_altar, nicolae_overflow_crystal_walls,
          overflow_temple_1_default, serial_shops, shop_statue,
          nemelex_spade_bored_becter
D:7:      old_standard_altar, basic_altar
D:8:      enter_bailey_2, uniq_gastronok
Temple:   oiseaux_autumnal_temple_12
Bailey:   bailey_axe_1, bailey

Skill      XL: |  1  2  3  4  5  6  7  8  9 |
---------------+----------------------------+-----
Shields        | 4 5 6 8 9 |  9.0
Long Blades    | 3 4 5 6 8 |  8.1
Invocations    | 4 6 |  6.0
Fighting       | 4 5 |  5.3
Armour         | 4 5 |  5.1

Action                   |  1- 3 |  4- 6 |  7- 9 || total
-------------------------+-------+-------+-------++-------
Melee: Long sword        |   115 |   198 |   151 ||   464
       Scimitar          |       |       |   220 ||   220
Invok: Lesser Healing    |       |       |    15 ||    15
 Abil: Dig               |       |       |     4 ||     4
  Use: Scroll            |     4 |     5 |     8 ||    17
       Potion            |     2 |     1 |     2 ||     5
  Eat: Chunk             |     1 |     6 |    15 ||    22
Armor: Scale mail        |    10 |       |       ||    10
       Chain mail        |    38 |    81 |    92 ||   211
       Skin              |     3 |       |       ||     3
       Plate armour      |       |       |    13 ||    13
Dodge: Dodged            |    26 |    32 |    90 ||   148
Block: Shield            |    48 |   105 |   177 ||   330
